 Dungeon Crawl Stone Soup version 0.19.0-9-gfd783f2 (webtiles) character file.

177 Pihi the Cutter (level 5, -1/35 HPs)
             Began as a Halfling Fighter on Nov 7, 2016.
             Was a Follower of Dithmenos.
             Slain by an ogre
             ... wielding a +0 giant club
              (8 damage)
             ... on level 4 of the Dungeon.
             The game lasted 00:06:20 (3166 turns).

Pihi the Cutter (Halfling Fighter)                  Turns: 3166, Time: 00:06:20

Health: -1/35      AC:  6    Str: 17    XL:     5   Next: 87%
Magic:  5/5        EV: 11    Int:  6    God:    Dithmenos [*.....]
Gold:   95         SH:  0    Dex: 15    Spells: 0 memorised, 4 levels left

rFire  . . .     SeeInvis .     a - +0 rapier
rCold  . . .     Gourm    .     b - +0 scale mail
rNeg   . . .     Faith    .     (shield restricted)
rPois  .         Spirit   .     (no helmet)
rElec  .         Reflect  .     (no cloak)
rCorr  .         Harm     .     (no gloves)
MR     .....                    (no boots)
Stlth  ..........               (no amulet)
                                (no ring)
                                (no ring)

@: wreathed by umbra
A: mutation resistance 1
a: Renounce Religion


You were on level 4 of the Dungeon.
You worshipped Dithmenos.
Dithmenos was aware of your devotion.
You were not hungry.

You visited 1 branch of the dungeon, and saw 5 of its levels.

You collected 95 gold pieces.

Inventory:

Hand Weapons
 a - a +0 rapier (weapon)
 k - a +0 blowgun
 r - a +0 hunting sling
Missiles
 h - 118 stones (quivered)
 m - 6 poisoned needles
 s - 2 tomahawks of returning
Armour
 b - a +0 scale mail (worn)
 c - a +0 shield
Scrolls
 e - 4 scrolls of identify {unknown}
 j - a scroll of enchant armour {unknown}
 n - 2 scrolls of amnesia {unknown}
 o - a scroll of magic mapping {unknown}
Potions
 d - a potion of might
 g - 2 potions of brilliance {unknown}
 l - 3 potions of mutation {unknown}
 q - 3 potions of curing {unknown}
 u - 2 potions of heal wounds {unknown}
Comestibles
 f - a bread ration
 i - 6 fruits
 p - 3 meat rations
 t - a beef jerky
 v - a chunk of flesh


   Skills:
 - Level 2.6 Fighting
 * Level 6.8 Short Blades
 - Level 3.2 Armour
 - Level 3.2 Shields


You had 4 spell levels left.
You didn't know any spells.

Dungeon Overview and Level Annotations

Branches:
Dungeon (5/15)
 Temple: D:4-7

Altars:
Dithmenos
Qazlal
Uskayaw
Vehumet
Zin


Innate Abilities, Weirdness & Mutations

You are small and have problems with some larger weapons.
You are somewhat resistant to further mutation.


Message History

Wield which item (- for none, * to show all)? (? for menu, Esc to quit)
a - a +0 rapier (weapon)
There is a stone staircase leading down here.
You climb downwards.
A leopard gecko and a phantom come into view.
The leopard gecko hisses angrily.
Found 15 gold pieces and 27 stones.
There is a stone staircase leading up here.
The leopard gecko closely misses you.
You climb upwards.
The ogre looks more healthy.
The orc wizard mumbles some strange words.
The orc wizard seems to speed up.
The ogre hits you with a giant club!!
Ouch! That really hurt!
* * * LOW HITPOINT WARNING * * *
There is a stone staircase leading down, spattered with blood here.
The ogre barely misses you.
The orc wizard mumbles some strange words.
The orc wizard blinks!
The ogre hits you with a giant club!
You die...

####.############
##................
##..........######.
##......####.# #.
#...##### #.# #. ##..# #.#
#. #..# #.# #. #..# #.#
###. #.@# #.# #... #Ol#
######.# #.## #.>#
#<.....# #.# #..# #.######
#.# #..# #.# #.# ##o.# #.#
#.# # ##...###.# #.#
#...#####.....##.######
#.#
#............#......####.#


You could see an ogre, an orc wizard and a leopard gecko.

Vanquished Creatures
  A howler monkey (D:4)
  A worker ant (D:4)
  2 adders
  An ooze (D:2)
  5 dart slugs
  4 worms
  2 leopard geckos
  An orc (D:3)
  5 bats
  4 giant cockroaches
  5 goblins
  9 hobgoblins
  8 jackals
  A quokka (D:3)
  2 frilled lizards (D:1)
  10 kobolds
  4 rats
65 creatures vanquished.

Notes
Turn   | Place    | Note
-------+----------+-------------------------------------------
     0 | D:1      | Pihi the Halfling Fighter began the quest for the Orb.
     0 | D:1      | Reached XP level 1. HP: 15/15 MP: 1/1
   114 | D:1      | Reached skill level 3 in Short Blades
   115 | D:1      | Reached XP level 2. HP: 6/20 MP: 2/2
   679 | D:1      | Reached XP level 3. HP: 25/25 MP: 3/3
   703 | D:1      | Reached skill level 4 in Short Blades
  1239 | D:2      | You fall through a shaft!
  1363 | D:3      | Found a shadowy altar of Dithmenos.
  1375 | D:3      | Became a worshipper of Dithmenos the Shadowed
  1389 | D:3      | Found a glowing silver altar of Zin.
  1453 | D:3      | Reached XP level 4. HP: 30/30 MP: 4/4
  1624 | D:3      | Reached skill level 5 in Short Blades
  1625 | D:3      | Found a stormy altar of Qazlal.
  2132 | D:3      | Found a radiant altar of Vehumet.
  2138 | D:3      | Found a hide-covered altar of Uskayaw.
  2440 | D:2      | Found a faded altar of an unknown god.
  2524 | D:2      | Reached * piety under Dithmenos
  2534 | D:2      | Reached XP level 5. HP: 35/35 MP: 5/5
  2944 | D:4      | Reached skill level 6 in Short Blades
  2961 | D:4      | Noticed an ogre
  3162 | D:5      | Entered Level 5 of the Dungeon
  3162 | D:5      | Noticed a phantom
  3166 | D:4      | Slain by an ogre

Skill      XL: |  1  2  3  4  5 |
---------------+----------------+-----
Short Blades   | 3 4 5 6 |  6.8
Fighting       | |  2.6
Armour         | |  3.2
Shields        | |  3.2

Action                   |  1- 3 |  4- 6 || total
-------------------------+-------+-------++-------
Melee: Rapier            |    85 |   120 ||   205
 Fire: Blowgun           |       |    20 ||    20
  Eat: Chunk             |     2 |     5 ||     7
Armor: Scale mail        |    28 |    35 ||    63
Dodge: Dodged            |    55 |    78 ||   133
